General information
- name: BNet
- type: Ladder team game (AT/RT)
- host: Battle.net
- saver: SKRYIM.OBLIVION
map: Friends
- players: 8
- length: 145:45
- speed: Fast
- version: 1.24 W3XP
- replay type: Public
» download(871 KB)
Players
team 1 (winner)

»
kuno.sack (
orange | 172 APM | 19662 actions | 114:15)
10 Blademaster
3 Wind Walk
3 Critical Strike
1 Bladestorm
3 Mirror Image
10 Shadow Hunter
3 Hex
3 Healing Wave
1 Big Bad Voodoo
3 Serpent Ward
10 Tauren Chieftain
3 War Stomp
3 Endurance Aura
1 Reincarnation
3 Shockwave
» actions
| Assign group hotkey | 42 | |
| Basic commands | 549 | |
| Build / train | 258 | |
| ESC pressed | 3 | |
| Enter build submenu | 80 | |
| Enter hero's abilities submenu | 30 | |
| Give item / drop item | 9 | |
| Remove unit from queue | 1 | |
| Right click | 5889 | |
| Select / deselect | 2265 | |
| Select group hotkey | 9860 | |
| Use ability | 676 | |
19662 total
» units
| Peon | 25 | |
| Wind Rider | 21 | |
| Goblin Zeppelin | 3 | |
| Goblin Shredder | 2 | |
| Shaman | 6 | |
| Troll Witch Doctor | 7 | |
| Troll Batrider | 16 | |
| Demolisher | 11 | |
91 total
» upgrades
| Reinforced Defenses | 1 | |
| Envenomed Spears | 1 | |
| Witch Doctor Training | 2 | |
| Shaman Training | 2 | |
| Pulverize | 1 | |
| Armor | 3 | |
| Melee Weapons | 3 | |
| Ranged Weapons | 3 | |
| Liquid Fire | 1 | |
| Burning Oil | 1 | |
18 total
» buildings
| War Mill | 3 | |
| Orc Burrow | 9 | |
| Altar of Storms | 1 | |
| Watch Tower | 61 | |
| Voodoo Lounge | 2 | |
| Stronghold | 3 | |
| Beastiary | 5 | |
| Fortress | 4 | |
| Spirit Lodge | 4 | |
| Great Hall | 4 | |
| Tauren Totem | 2 | |
| Barracks | 3 | |
101 total
» build order
00:14 War Mill
00:28 Orc Burrow
00:40 Altar of Storms
01:38 Watch Tower
01:41 Watch Tower
01:47 Voodoo Lounge
02:45 Stronghold
02:45 Stronghold
02:46 Stronghold
02:50 Watch Tower
03:04 Orc Burrow
03:54 Watch Tower
04:12 Orc Burrow
05:11 Beastiary
05:13 Beastiary
05:45 Fortress
05:46 Fortress
05:46 Fortress
05:46 Fortress
06:50 Orc Burrow
09:33 Spirit Lodge
09:34 Spirit Lodge
10:08 Spirit Lodge
10:10 Spirit Lodge
10:13 Orc Burrow
11:31 Great Hall
11:45 Tauren Totem
11:47 Tauren Totem
16:03 Watch Tower
17:44 Watch Tower
17:45 Watch Tower
19:45 Watch Tower
19:59 War Mill
21:06 Watch Tower
21:09 Watch Tower
21:11 Watch Tower
21:12 Watch Tower
21:16 Orc Burrow
21:17 Orc Burrow
21:20 Orc Burrow
23:05 Beastiary
27:11 Watch Tower
27:14 Watch Tower
27:14 Watch Tower
27:15 Watch Tower
27:16 Watch Tower
39:20 Watch Tower
39:22 Watch Tower
39:22 Watch Tower
40:12 Great Hall
40:33 Watch Tower
40:34 Watch Tower
40:34 Watch Tower
41:49 Watch Tower
41:50 Watch Tower
41:53 Voodoo Lounge
45:02 Great Hall
45:23 Watch Tower
45:23 Watch Tower
45:24 Watch Tower
45:26 Watch Tower
45:27 Watch Tower
45:29 Watch Tower
45:29 Watch Tower
48:34 Watch Tower
51:15 Watch Tower
52:44 Watch Tower
52:46 Watch Tower
52:46 Watch Tower
58:53 War Mill
59:26 Watch Tower
59:28 Watch Tower
59:33 Orc Burrow
61:36 Beastiary
61:37 Beastiary
65:16 Watch Tower
65:18 Watch Tower
65:19 Watch Tower
65:20 Watch Tower
65:20 Watch Tower
65:21 Watch Tower
66:26 Watch Tower
66:27 Watch Tower
67:29 Watch Tower
67:31 Watch Tower
67:33 Watch Tower
69:10 Barracks
69:11 Barracks
69:12 Barracks
85:18 Watch Tower
85:18 Watch Tower
91:18 Great Hall
93:52 Watch Tower
93:54 Watch Tower
93:55 Watch Tower
93:57 Watch Tower
93:57 Watch Tower
95:39 Watch Tower
95:41 Watch Tower
97:29 Watch Tower
97:31 Watch Tower
» items
| Healing Salve | 5 | |
| Lesser Clarity Potion | 15 | |
| Orb of Lightning | 5 | |
| Potion of Healing | 5 | |
| Scroll of Town Portal | 12 | |
| Inferno Stone | 4 | |
| Scroll of Restoration | 3 | |
| Mana Stone | 3 | |
| Potion of Divinity | 2 | |
| Health Stone | 1 | |
| Runed Bracers | 1 | |
| Sobi Mask | 1 | |
| Healing Wards | 1 | |
58 total
UndergroundMan (
blue | 52 APM | 7513 actions | 145:43)
10 Blademaster
3 Wind Walk
3 Critical Strike
1 Bladestorm
3 Mirror Image
10 Tauren Chieftain
3 Endurance Aura
3 War Stomp
1 Reincarnation
3 Shockwave
» actions
| Basic commands | 77 | |
| Build / train | 219 | |
| Enter build submenu | 141 | |
| Enter hero's abilities submenu | 21 | |
| Give item / drop item | 9 | |
| Right click | 4131 | |
| Select / deselect | 2347 | |
| Use ability | 566 | |
7513 total
» units
| Peon | 23 | |
| Grunt | 3 | |
| Goblin Shredder | 2 | |
| Ogre Mauler | 1 | |
| Spirit Walker | 4 | |
| Tauren | 8 | |
| Demolisher | 26 | |
| Goblin Sapper | 3 | |
| Troll Batrider | 26 | |
| Raider | 19 | |
| Troll Headhunter/Berserker | 3 | |
| Kodo Beast | 2 | |
| Wind Rider | 8 | |
128 total
» upgrades
| Armor | 3 | |
| Melee Weapons | 3 | |
| Spirit Walker Training | 2 | |
| Reinforced Defenses | 1 | |
| Pulverize | 1 | |
| Burning Oil | 1 | |
| Spiked Barricades | 3 | |
| Shaman Training | 2 | |
| Ranged Weapons | 3 | |
| Liquid Fire | 1 | |
| Ensnare | 1 | |
| Pillage | 1 | |
| Berserker Upgrade | 1 | |
| Troll Regeneration | 1 | |
| War Drums Damage Increase | 1 | |
| Envenomed Spears | 1 | |
26 total
» buildings
| Altar of Storms | 2 | |
| Orc Burrow | 22 | |
| Voodoo Lounge | 2 | |
| War Mill | 2 | |
| Barracks | 3 | |
| Stronghold | 2 | |
| Watch Tower | 88 | |
| Fortress | 2 | |
| Spirit Lodge | 1 | |
| Tauren Totem | 2 | |
| Great Hall | 5 | |
| Arcane Tower | 4 | |
| Beastiary | 3 | |
138 total
» build order
00:12 Altar of Storms
00:22 Orc Burrow
00:53 Voodoo Lounge
01:04 Orc Burrow
01:13 Orc Burrow
01:45 War Mill
01:59 Barracks
02:48 Orc Burrow
03:47 Stronghold
04:40 Watch Tower
06:51 Fortress
07:58 Spirit Lodge
09:18 Tauren Totem
09:23 Orc Burrow
10:17 Tauren Totem
11:20 Orc Burrow
17:03 Watch Tower
17:40 Great Hall
18:46 Watch Tower
18:56 Orc Burrow
19:51 Watch Tower
19:54 Orc Burrow
20:34 Watch Tower
20:38 Watch Tower
20:41 Watch Tower
20:45 Watch Tower
21:13 Watch Tower
21:37 Orc Burrow
22:39 Orc Burrow
23:19 Watch Tower
25:55 Orc Burrow
26:13 Watch Tower
26:59 Orc Burrow
27:21 Orc Burrow
27:30 Arcane Tower
28:17 Arcane Tower
28:33 Orc Burrow
28:59 Orc Burrow
29:08 Watch Tower
30:30 Watch Tower
30:40 Watch Tower
31:00 Watch Tower
31:07 Watch Tower
32:56 Orc Burrow
33:30 Altar of Storms
33:34 Orc Burrow
35:49 Great Hall
38:12 Great Hall
38:19 Stronghold
40:34 Watch Tower
42:48 Watch Tower
45:03 Fortress
46:30 Orc Burrow
47:01 War Mill
48:40 Orc Burrow
49:08 Watch Tower
50:21 Watch Tower
50:44 Beastiary
51:20 Watch Tower
51:59 Voodoo Lounge
52:35 Watch Tower
52:52 Watch Tower
54:30 Beastiary
54:36 Orc Burrow
55:31 Orc Burrow
55:42 Great Hall
56:59 Watch Tower
59:13 Watch Tower
60:34 Beastiary
61:30 Watch Tower
62:44 Watch Tower
63:44 Great Hall
63:49 Watch Tower
64:11 Watch Tower
64:13 Watch Tower
65:12 Watch Tower
65:44 Watch Tower
65:48 Watch Tower
65:54 Watch Tower
66:56 Watch Tower
67:02 Watch Tower
67:25 Barracks
67:42 Watch Tower
68:21 Watch Tower
70:20 Watch Tower
71:01 Watch Tower
71:41 Watch Tower
72:46 Watch Tower
74:19 Watch Tower
74:21 Watch Tower
75:15 Watch Tower
75:19 Watch Tower
76:10 Watch Tower
76:13 Watch Tower
76:33 Watch Tower
80:59 Watch Tower
82:22 Watch Tower
83:48 Watch Tower
84:00 Watch Tower
84:51 Watch Tower
84:57 Watch Tower
86:40 Watch Tower
87:16 Watch Tower
87:19 Watch Tower
88:22 Watch Tower
88:26 Watch Tower
89:44 Watch Tower
89:58 Watch Tower
91:19 Watch Tower
91:26 Barracks
92:56 Watch Tower
95:51 Orc Burrow
96:17 Watch Tower
97:34 Watch Tower
97:41 Watch Tower
100:20 Watch Tower
101:14 Watch Tower
101:47 Watch Tower
102:51 Watch Tower
106:26 Watch Tower
106:30 Watch Tower
106:33 Watch Tower
107:49 Watch Tower
107:59 Watch Tower
108:07 Watch Tower
108:53 Watch Tower
109:49 Arcane Tower
110:02 Watch Tower
110:50 Watch Tower
111:47 Arcane Tower
112:32 Watch Tower
114:07 Watch Tower
116:05 Watch Tower
117:25 Watch Tower
117:54 Watch Tower
120:37 Watch Tower
121:43 Watch Tower
123:48 Watch Tower
» items
| Lesser Clarity Potion | 1 | |
| Healing Salve | 1 | |
| Scroll of Regeneration | 2 | |
| Orb of Fire | 1 | |
| Orb of Lightning | 2 | |
| Inferno Stone | 4 | |
| Potion of Healing | 3 | |
| Demonic Figurine | 1 | |
| The Lion Horn of Stormwind | 1 | |
| Ivory Tower | 5 | |
| Scroll of Town Portal | 5 | |
| Potion of Mana | 2 | |
| Scourge Bone Chimes | 1 | |
| Boots of Quel'Thalas +6 | 1 | |
| Sobi Mask | 1 | |
| Scroll of Speed | 1 | |
| Health Stone | 1 | |
33 total
SKRYIM.OBLIVION (
pink | 43 APM | 6302 actions | 145:45)
10 Mountain King
3 Storm Bolt
3 Bash
1 Avatar
3 Thunder Clap
» actions
| Assign group hotkey | 56 | |
| Basic commands | 619 | |
| Build / train | 224 | |
| Enter build submenu | 51 | |
| Enter hero's abilities submenu | 10 | |
| Give item / drop item | 7 | |
| Remove unit from queue | 3 | |
| Right click | 1738 | |
| Select / deselect | 779 | |
| Select group hotkey | 2486 | |
| Use ability | 329 | |
6302 total
» units
| Peasant | 31 | |
| Gryphon Rider | 26 | |
| Goblin Shredder | 5 | |
| Goblin Zeppelin | 2 | |
| Siege Engine | 4 | |
| Goblin Sapper | 3 | |
| Dragonhawk Rider | 4 | |
| Mortar Team | 2 | |
77 total
» upgrades
| Masonry | 3 | |
| Lumber Harvesting | 2 | |
| Storm Hammers | 1 | |
| Swords | 2 | |
| Armor | 2 | |
| Gunpowder | 2 | |
| Plating | 2 | |
| Flak Cannons | 1 | |
| Flying Machine Bombs | 1 | |
| Barrage | 1 | |
| Cloud | 1 | |
| Magic Sentry | 1 | |
| Priest Training | 2 | |
| Sorceress Training | 2 | |
23 total
» buildings
| Altar of Kings | 1 | |
| Farm | 16 | |
| Scout Tower | 155 | |
| Arcane Tower | 6 | |
| Lumber Mill | 1 | |
| Keep | 5 | |
| Arcane Vault | 2 | |
| Castle | 3 | |
| Gryphon Aviary | 9 | |
| Blacksmith | 1 | |
| Town Hall | 7 | |
| Workshop | 4 | |
| Guard Tower | 63 | |
| Cannon Tower | 6 | |
| Arcane Sanctum | 1 | |
280 total
» build order
00:11 Altar of Kings
00:25 Farm
00:58 Scout Tower
01:36 Arcane Tower
01:45 Farm
01:56 Lumber Mill
02:43 Keep
02:43 Keep
02:44 Keep
04:01 Farm
04:51 Arcane Vault
05:05 Castle
05:26 Gryphon Aviary
07:03 Gryphon Aviary
07:08 Farm
07:09 Farm
07:09 Farm
07:10 Farm
07:11 Farm
07:11 Farm
07:12 Farm
07:14 Farm
07:14 Farm
11:17 Blacksmith
12:25 Town Hall
14:56 Workshop
14:56 Workshop
16:18 Scout Tower
16:19 Scout Tower
16:20 Scout Tower
16:20 Scout Tower
16:20 Scout Tower
16:21 Scout Tower
16:22 Scout Tower
16:23 Scout Tower
16:23 Scout Tower
16:24 Scout Tower
16:24 Scout Tower
16:25 Scout Tower
16:25 Scout Tower
16:26 Scout Tower
16:26 Scout Tower
16:27 Scout Tower
16:27 Scout Tower
16:28 Scout Tower
17:29 Guard Tower
18:36 Guard Tower
19:24 Guard Tower
19:25 Guard Tower
19:50 Guard Tower
19:50 Guard Tower
19:53 Guard Tower
20:19 Guard Tower
20:40 Town Hall
21:05 Scout Tower
21:05 Scout Tower
21:05 Scout Tower
21:18 Guard Tower
21:18 Guard Tower
21:31 Scout Tower
21:54 Scout Tower
21:54 Scout Tower
22:06 Scout Tower
22:07 Scout Tower
22:08 Scout Tower
22:10 Scout Tower
22:34 Scout Tower
22:34 Scout Tower
22:38 Guard Tower
22:41 Scout Tower
22:41 Scout Tower
22:45 Guard Tower
22:56 Scout Tower
23:00 Guard Tower
23:28 Guard Tower
23:28 Guard Tower
23:39 Scout Tower
23:40 Scout Tower
23:41 Scout Tower
23:42 Scout Tower
23:42 Scout Tower
23:43 Scout Tower
23:44 Scout Tower
23:45 Scout Tower
24:10 Guard Tower
24:40 Guard Tower
24:44 Cannon Tower
24:46 Cannon Tower
25:16 Cannon Tower
25:41 Cannon Tower
26:12 Cannon Tower
27:19 Keep
28:32 Gryphon Aviary
28:33 Gryphon Aviary
29:59 Gryphon Aviary
29:59 Gryphon Aviary
35:09 Castle
35:13 Workshop
35:14 Workshop
35:20 Scout Tower
35:21 Scout Tower
35:22 Scout Tower
35:22 Scout Tower
35:58 Scout Tower
35:59 Scout Tower
37:12 Guard Tower
37:40 Guard Tower
38:54 Guard Tower
39:52 Town Hall
39:59 Arcane Vault
40:54 Scout Tower
40:55 Scout Tower
40:55 Scout Tower
40:56 Scout Tower
42:22 Guard Tower
42:22 Guard Tower
43:33 Guard Tower
43:40 Scout Tower
43:41 Scout Tower
43:42 Scout Tower
43:42 Scout Tower
43:43 Scout Tower
43:43 Scout Tower
43:43 Scout Tower
44:08 Gryphon Aviary
44:09 Gryphon Aviary
44:11 Gryphon Aviary
44:13 Farm
44:13 Farm
44:13 Farm
44:13 Farm
44:24 Guard Tower
44:24 Guard Tower
44:40 Scout Tower
44:41 Scout Tower
44:56 Guard Tower
45:03 Arcane Sanctum
45:22 Guard Tower
45:30 Guard Tower
46:02 Guard Tower
46:03 Guard Tower
46:07 Scout Tower
46:07 Scout Tower
46:07 Scout Tower
46:09 Scout Tower
46:09 Scout Tower
46:10 Scout Tower
47:17 Guard Tower
47:17 Guard Tower
47:59 Scout Tower
47:59 Scout Tower
48:00 Scout Tower
48:00 Scout Tower
48:01 Scout Tower
48:02 Scout Tower
48:03 Scout Tower
49:01 Scout Tower
49:02 Scout Tower
49:02 Scout Tower
49:03 Scout Tower
49:03 Scout Tower
49:04 Scout Tower
49:04 Scout Tower
49:05 Scout Tower
49:06 Scout Tower
49:06 Scout Tower
49:07 Scout Tower
49:07 Scout Tower
49:08 Scout Tower
49:08 Scout Tower
49:09 Scout Tower
49:09 Scout Tower
49:10 Scout Tower
49:11 Scout Tower
49:12 Scout Tower
49:12 Scout Tower
49:13 Scout Tower
49:13 Scout Tower
49:14 Scout Tower
49:44 Guard Tower
49:45 Guard Tower
49:45 Guard Tower
51:07 Guard Tower
52:06 Guard Tower
52:16 Scout Tower
52:17 Scout Tower
52:19 Scout Tower
53:00 Guard Tower
53:11 Scout Tower
53:11 Scout Tower
53:18 Scout Tower
53:21 Scout Tower
53:21 Scout Tower
53:22 Scout Tower
53:22 Scout Tower
53:23 Scout Tower
53:23 Scout Tower
53:24 Scout Tower
53:25 Scout Tower
53:25 Scout Tower
53:25 Scout Tower
53:25 Scout Tower
53:26 Scout Tower
53:27 Scout Tower
53:27 Scout Tower
53:28 Scout Tower
53:29 Scout Tower
54:06 Arcane Tower
54:07 Arcane Tower
56:29 Guard Tower
56:29 Guard Tower
56:57 Scout Tower
56:57 Scout Tower
56:58 Scout Tower
57:00 Scout Tower
57:01 Scout Tower
57:02 Scout Tower
57:32 Guard Tower
57:32 Guard Tower
57:37 Scout Tower
57:37 Scout Tower
57:38 Scout Tower
57:38 Scout Tower
57:39 Scout Tower
57:40 Scout Tower
58:41 Guard Tower
59:03 Arcane Tower
59:11 Guard Tower
59:11 Guard Tower
59:57 Arcane Tower
61:33 Guard Tower
61:37 Town Hall
61:39 Scout Tower
61:40 Scout Tower
61:40 Scout Tower
61:40 Scout Tower
61:42 Scout Tower
61:42 Scout Tower
66:46 Guard Tower
66:47 Guard Tower
74:10 Town Hall
77:00 Town Hall
77:04 Town Hall
» items
| Healing Salve | 1 | |
| Potion of Healing | 9 | |
| Scroll of Regeneration | 1 | |
| Scroll of Town Portal | 4 | |
| Staff of Sanctuary | 1 | |
| Tiny Great Hall | 1 | |
17 total
Lightnin_Strong (
green | 16 APM | 729 actions | 46:56)
6 Archmage
2 Summon Water Elemental
1 Brilliance Aura
2 Blizzard
1 Mass Teleport
» actions
| Assign group hotkey | 5 | |
| Build / train | 67 | |
| Enter build submenu | 23 | |
| Enter hero's abilities submenu | 6 | |
| Right click | 247 | |
| Select / deselect | 265 | |
| Select group hotkey | 64 | |
| Use ability | 52 | |
729 total
» units
| Peasant | 18 | |
| Rifleman | 19 | |
| Goblin Zeppelin | 2 | |
| Goblin Shredder | 1 | |
| Priest | 8 | |
48 total
» upgrades
| Gunpowder | 3 | |
| Armor | 3 | |
| Long Rifles | 1 | |
| Priest Training | 2 | |
9 total
» buildings
| Farm | 15 | |
| Altar of Kings | 2 | |
| Blacksmith | 1 | |
| Lumber Mill | 1 | |
| Barracks | 2 | |
| Scout Tower | 13 | |
| Guard Tower | 1 | |
| Keep | 1 | |
| Castle | 1 | |
| Arcane Sanctum | 1 | |
| Town Hall | 1 | |
39 total
» build order
00:24 Farm
00:39 Altar of Kings
00:58 Blacksmith
01:16 Lumber Mill
01:30 Farm
02:24 Farm
02:41 Barracks
03:04 Farm
03:23 Scout Tower
03:26 Scout Tower
03:28 Scout Tower
04:03 Guard Tower
05:16 Keep
05:25 Barracks
06:00 Farm
06:31 Farm
06:37 Farm
06:42 Farm
06:43 Farm
06:46 Farm
06:48 Farm
07:23 Farm
08:08 Castle
08:24 Arcane Sanctum
11:01 Farm
11:03 Farm
13:31 Farm
17:29 Town Hall
18:12 Scout Tower
18:13 Scout Tower
18:13 Scout Tower
18:13 Scout Tower
18:14 Scout Tower
18:14 Scout Tower
18:14 Scout Tower
18:15 Scout Tower
30:42 Altar of Kings
team 2 (loser)
do_me (
red | 80 APM | 6552 actions | 82:16)
10 Demon Hunter
3 Immolation
3 Mana Burn
3 Evasion
1 Metamorphosis
8 Keeper of the Grove
3 Entangling Roots
3 Thorns Aura
1 Force of Nature
1 Tranquility
» actions
| Assign group hotkey | 147 | |
| Basic commands | 41 | |
| Build / train | 378 | |
| Enter build submenu | 111 | |
| Enter hero's abilities submenu | 18 | |
| Give item / drop item | 5 | |
| Right click | 2232 | |
| Select / deselect | 1021 | |
| Select group hotkey | 2205 | |
| Use ability | 394 | |
6552 total
» units
| Wisp | 142 | |
| Archer | 53 | |
| Huntress | 4 | |
| Hippogryph | 46 | |
| Dryad | 58 | |
303 total
» upgrades
| Strength of the Moon | 3 | |
| Moon Armor | 3 | |
| Strength of the Wild | 3 | |
| Hippogryph Taming | 1 | |
| Improved Bows | 1 | |
| Reinforced Hides | 3 | |
| Marksmanship | 1 | |
| Well Spring | 1 | |
| Ultravision | 1 | |
| Abolish Magic | 1 | |
18 total
» buildings
| Altar of Elders | 1 | |
| Moon Well | 12 | |
| Ancient of War | 2 | |
| Ancient of Wonders | 2 | |
| Hunter's Hall | 1 | |
| Tree of Life | 4 | |
| Tree of Ages | 1 | |
| Ancient of Wind | 4 | |
| Tree of Eternity | 3 | |
| Ancient Protector | 69 | |
| Ancient of Lore | 3 | |
102 total
» build order
00:11 Altar of Elders
00:19 Moon Well
01:11 Moon Well
01:31 Moon Well
01:48 Ancient of War
02:01 Ancient of Wonders
02:32 Hunter's Hall
03:31 Moon Well
04:09 Ancient of War
07:52 Tree of Life
07:54 Tree of Ages
07:57 Moon Well
08:16 Ancient of Wonders
08:57 Moon Well
09:54 Moon Well
10:23 Ancient of Wind
10:49 Ancient of Wind
12:27 Moon Well
13:05 Tree of Life
13:32 Moon Well
14:53 Moon Well
17:24 Tree of Eternity
17:24 Tree of Eternity
17:25 Tree of Eternity
18:42 Ancient Protector
18:45 Ancient Protector
20:04 Ancient Protector
20:16 Ancient Protector
20:40 Ancient Protector
22:36 Ancient Protector
22:40 Ancient Protector
23:07 Moon Well
23:15 Ancient Protector
23:28 Ancient Protector
23:49 Ancient Protector
24:52 Ancient Protector
24:58 Ancient Protector
27:00 Tree of Life
27:49 Ancient Protector
28:45 Ancient Protector
28:48 Ancient Protector
29:01 Ancient Protector
29:16 Ancient Protector
30:24 Ancient Protector
30:28 Ancient Protector
31:10 Ancient Protector
37:25 Moon Well
37:30 Ancient Protector
37:34 Ancient Protector
37:42 Ancient of Wind
38:19 Ancient of Wind
39:27 Ancient Protector
39:32 Ancient Protector
39:36 Ancient Protector
39:42 Ancient Protector
39:46 Ancient Protector
40:08 Ancient Protector
42:48 Ancient Protector
42:52 Ancient Protector
45:07 Ancient Protector
52:31 Ancient Protector
52:34 Ancient Protector
52:37 Ancient Protector
52:43 Ancient Protector
52:48 Ancient Protector
52:51 Ancient Protector
52:57 Ancient Protector
53:05 Ancient Protector
53:08 Ancient Protector
53:11 Ancient Protector
53:18 Ancient Protector
53:21 Ancient Protector
55:11 Ancient Protector
55:49 Ancient Protector
63:03 Tree of Life
63:05 Ancient Protector
63:08 Ancient Protector
63:13 Ancient Protector
63:24 Ancient Protector
63:54 Ancient Protector
64:01 Ancient Protector
64:04 Ancient Protector
64:08 Ancient Protector
65:00 Ancient of Lore
65:04 Ancient of Lore
65:14 Ancient of Lore
66:33 Ancient Protector
66:46 Ancient Protector
66:50 Ancient Protector
67:47 Ancient Protector
71:06 Ancient Protector
71:09 Ancient Protector
71:13 Ancient Protector
72:06 Ancient Protector
72:10 Ancient Protector
72:15 Ancient Protector
74:45 Ancient Protector
74:48 Ancient Protector
76:20 Ancient Protector
76:52 Ancient Protector
76:55 Ancient Protector
76:58 Ancient Protector
» items
| Potion of Healing | 14 | |
| Orb of Venom | 1 | |
| Scroll of Town Portal | 10 | |
| Dust of Appearance | 1 | |
26 total
NoGoodReturns (
teal | 11 APM | 1533 actions | 145:43)
6 Lich
3 Frost Nova
1 Frost Armor
1 Dark Ritual
1 Death and Decay
» actions
| Basic commands | 21 | |
| Build / train | 132 | |
| Enter build submenu | 49 | |
| Enter hero's abilities submenu | 6 | |
| Remove unit from queue | 7 | |
| Right click | 827 | |
| Select / deselect | 404 | |
| Use ability | 87 | |
1533 total
» units
| Acolyte | 14 | |
| Ghoul | 48 | |
| Crypt Fiend | 8 | |
| Goblin Shredder | 4 | |
| Goblin Sapper | 19 | |
| Frost Wyrm | 7 | |
100 total
» upgrades
| Creature Carapace | 3 | |
| Web | 1 | |
| Creature Attack | 3 | |
| Freezing Breath | 1 | |
8 total
» buildings
| Crypt | 3 | |
| Altar of Darkness | 2 | |
| Ziggurat | 22 | |
| Graveyard | 2 | |
| Nerubian Tower | 2 | |
| Tomb of Relics | 3 | |
| Spirit Tower | 2 | |
| Halls of the Dead | 2 | |
| Slaughterhouse | 1 | |
| Necropolis | 2 | |
| Black Citadel | 1 | |
| Sacrificial Pit | 1 | |
| Boneyard | 3 | |
46 total
» build order
00:18 Crypt
00:35 Altar of Darkness
00:42 Ziggurat
01:16 Graveyard
01:53 Ziggurat
02:21 Nerubian Tower
02:30 Tomb of Relics
03:43 Spirit Tower
04:17 Ziggurat
05:37 Halls of the Dead
05:39 Nerubian Tower
06:51 Ziggurat
07:16 Ziggurat
08:07 Slaughterhouse
08:49 Ziggurat
12:26 Crypt
13:14 Crypt
14:22 Ziggurat
14:27 Ziggurat
14:30 Ziggurat
38:09 Necropolis
39:19 Altar of Darkness
39:24 Ziggurat
42:03 Graveyard
42:20 Halls of the Dead
42:43 Tomb of Relics
44:49 Black Citadel
44:55 Sacrificial Pit
46:21 Ziggurat
46:30 Ziggurat
46:32 Ziggurat
46:36 Ziggurat
46:38 Ziggurat
46:42 Ziggurat
46:45 Ziggurat
46:47 Ziggurat
46:52 Ziggurat
47:13 Necropolis
47:25 Boneyard
47:29 Boneyard
47:33 Boneyard
49:45 Spirit Tower
50:38 Ziggurat
55:22 Tomb of Relics
55:27 Ziggurat
55:30 Ziggurat
» items
| Rod of Necromancy | 1 | |
| Dust of Appearance | 1 | |
| Scroll of Town Portal | 1 | |
3 total
imolestchildren (
yellow | 55 APM | 8010 actions | 145:43)
10 Mountain King
3 Storm Bolt
3 Bash
1 Avatar
3 Thunder Clap
» actions
| Assign group hotkey | 167 | |
| Basic commands | 91 | |
| Build / train | 373 | |
| Enter build submenu | 125 | |
| Enter hero's abilities submenu | 10 | |
| Remove unit from queue | 4 | |
| Right click | 5370 | |
| Select / deselect | 1357 | |
| Select group hotkey | 242 | |
| Use ability | 271 | |
8010 total
» units
| Peasant | 55 | |
| Footman | 3 | |
| Gryphon Rider | 71 | |
| Goblin Sapper | 1 | |
| Mortar Team | 7 | |
137 total
» upgrades
| Masonry | 3 | |
| Lumber Harvesting | 2 | |
| Swords | 3 | |
| Storm Hammers | 1 | |
| Armor | 3 | |
| Fragmentation Shards | 1 | |
| Flare | 1 | |
| Plating | 1 | |
| Gunpowder | 1 | |
| Cloud | 1 | |
| Backpack | 1 | |
18 total
» buildings
| Lumber Mill | 6 | |
| Scout Tower | 145 | |
| Arcane Tower | 9 | |
| Blacksmith | 1 | |
| Altar of Kings | 2 | |
| Farm | 15 | |
| Keep | 1 | |
| Barracks | 1 | |
| Guard Tower | 143 | |
| Castle | 1 | |
| Gryphon Aviary | 4 | |
| Workshop | 4 | |
| Cannon Tower | 10 | |
| Town Hall | 1 | |
| Arcane Vault | 3 | |
346 total
» build order
00:08 Lumber Mill
00:24 Scout Tower
00:59 Arcane Tower
02:06 Blacksmith
02:18 Altar of Kings
02:49 Scout Tower
02:55 Scout Tower
02:58 Scout Tower
02:59 Scout Tower
03:00 Scout Tower
03:01 Scout Tower
03:02 Scout Tower
03:03 Scout Tower
03:10 Farm
03:11 Farm
04:29 Scout Tower
04:32 Arcane Tower
04:59 Keep
05:05 Arcane Tower
05:05 Arcane Tower
06:19 Barracks
06:37 Scout Tower
06:38 Scout Tower
06:45 Scout Tower
06:46 Scout Tower
07:20 Guard Tower
07:23 Arcane Tower
07:25 Guard Tower
07:34 Castle
07:38 Guard Tower
07:41 Guard Tower
08:15 Farm
08:16 Farm
08:23 Scout Tower
08:24 Scout Tower
09:11 Scout Tower
09:12 Scout Tower
09:29 Guard Tower
09:31 Guard Tower
10:08 Guard Tower
10:10 Guard Tower
10:30 Gryphon Aviary
10:33 Gryphon Aviary
10:45 Farm
10:46 Farm
10:48 Farm
12:51 Gryphon Aviary
15:09 Gryphon Aviary
15:21 Scout Tower
15:22 Scout Tower
15:24 Scout Tower
15:28 Scout Tower
15:31 Scout Tower
15:32 Scout Tower
15:33 Scout Tower
15:57 Farm
15:59 Farm
17:34 Guard Tower
17:37 Guard Tower
18:52 Guard Tower
18:53 Guard Tower
18:53 Guard Tower
18:53 Guard Tower
18:56 Scout Tower
18:57 Scout Tower
18:59 Scout Tower
19:07 Scout Tower
19:08 Scout Tower
19:11 Scout Tower
19:12 Scout Tower
19:13 Scout Tower
20:12 Guard Tower
20:12 Guard Tower
20:12 Guard Tower
20:13 Guard Tower
20:29 Guard Tower
20:33 Farm
20:36 Farm
20:38 Farm
20:40 Farm
21:59 Guard Tower
22:00 Guard Tower
22:00 Guard Tower
22:00 Guard Tower
23:22 Lumber Mill
23:29 Lumber Mill
23:37 Scout Tower
23:53 Scout Tower
23:59 Scout Tower
24:02 Scout Tower
24:21 Guard Tower
24:22 Guard Tower
24:49 Guard Tower
24:49 Guard Tower
24:49 Guard Tower
32:21 Scout Tower
32:23 Scout Tower
32:38 Scout Tower
32:39 Scout Tower
32:41 Scout Tower
33:31 Guard Tower
33:55 Lumber Mill
34:18 Guard Tower
34:31 Guard Tower
35:19 Scout Tower
35:23 Scout Tower
35:47 Scout Tower
35:48 Scout Tower
35:50 Scout Tower
35:51 Scout Tower
36:29 Guard Tower
37:02 Guard Tower
37:02 Guard Tower
37:07 Guard Tower
38:00 Guard Tower
38:00 Guard Tower
38:27 Scout Tower
39:21 Guard Tower
39:24 Scout Tower
39:47 Scout Tower
39:51 Guard Tower
40:04 Scout Tower
40:30 Guard Tower
40:35 Scout Tower
40:39 Scout Tower
40:51 Guard Tower
41:02 Scout Tower
41:04 Scout Tower
41:05 Scout Tower
41:08 Guard Tower
41:39 Guard Tower
41:59 Scout Tower
42:16 Scout Tower
42:20 Scout Tower
42:29 Guard Tower
42:44 Guard Tower
42:47 Guard Tower
43:15 Scout Tower
43:23 Guard Tower
43:30 Guard Tower
43:42 Guard Tower
43:48 Guard Tower
43:48 Guard Tower
43:59 Scout Tower
44:02 Scout Tower
44:07 Scout Tower
44:09 Scout Tower
44:21 Scout Tower
44:24 Scout Tower
44:38 Farm
44:40 Farm
44:43 Guard Tower
44:46 Guard Tower
45:00 Guard Tower
45:12 Guard Tower
45:24 Guard Tower
45:43 Scout Tower
45:52 Scout Tower
46:14 Guard Tower
46:18 Scout Tower
46:22 Scout Tower
46:23 Scout Tower
46:49 Guard Tower
46:59 Workshop
47:09 Scout Tower
47:14 Guard Tower
47:22 Scout Tower
47:39 Guard Tower
47:39 Guard Tower
47:42 Scout Tower
47:47 Scout Tower
47:48 Scout Tower
47:58 Scout Tower
48:00 Scout Tower
48:02 Scout Tower
48:25 Scout Tower
48:27 Cannon Tower
49:12 Cannon Tower
49:13 Guard Tower
49:25 Guard Tower
50:40 Town Hall
50:54 Guard Tower
51:01 Guard Tower
51:27 Guard Tower
51:35 Scout Tower
51:37 Scout Tower
52:05 Scout Tower
52:08 Scout Tower
52:11 Scout Tower
52:12 Scout Tower
52:14 Scout Tower
52:15 Scout Tower
52:29 Guard Tower
52:36 Guard Tower
52:43 Scout Tower
52:51 Guard Tower
53:02 Scout Tower
53:04 Scout Tower
53:13 Guard Tower
53:13 Guard Tower
53:14 Guard Tower
53:15 Guard Tower
53:37 Guard Tower
53:48 Guard Tower
53:50 Cannon Tower
53:55 Scout Tower
53:57 Scout Tower
54:21 Guard Tower
54:29 Guard Tower
54:30 Guard Tower
54:35 Guard Tower
54:59 Guard Tower
55:06 Guard Tower
55:16 Scout Tower
55:17 Scout Tower
55:18 Scout Tower
55:19 Scout Tower
55:21 Scout Tower
55:32 Scout Tower
55:56 Altar of Kings
56:13 Scout Tower
56:34 Cannon Tower
56:47 Guard Tower
57:04 Scout Tower
57:10 Scout Tower
57:22 Guard Tower
57:24 Guard Tower
57:24 Guard Tower
57:25 Guard Tower
57:37 Guard Tower
57:39 Guard Tower
57:42 Guard Tower
57:51 Lumber Mill
58:09 Cannon Tower
58:27 Scout Tower
58:35 Scout Tower
58:39 Scout Tower
58:41 Scout Tower
59:03 Guard Tower
59:17 Guard Tower
59:27 Scout Tower
59:30 Scout Tower
59:33 Scout Tower
60:00 Cannon Tower
60:01 Guard Tower
60:03 Scout Tower
60:04 Scout Tower
60:45 Guard Tower
60:45 Guard Tower
60:47 Guard Tower
61:14 Scout Tower
61:15 Scout Tower
61:17 Scout Tower
61:18 Scout Tower
61:26 Scout Tower
61:28 Scout Tower
61:30 Scout Tower
61:31 Guard Tower
61:33 Guard Tower
61:48 Guard Tower
61:56 Guard Tower
62:26 Guard Tower
62:28 Guard Tower
62:59 Guard Tower
63:01 Guard Tower
63:50 Arcane Vault
67:45 Guard Tower
67:47 Scout Tower
68:16 Guard Tower
68:24 Scout Tower
68:28 Scout Tower
68:35 Scout Tower
70:03 Cannon Tower
70:07 Guard Tower
70:18 Guard Tower
71:08 Scout Tower
71:11 Scout Tower
71:12 Scout Tower
72:23 Guard Tower
72:29 Guard Tower
72:41 Guard Tower
73:52 Scout Tower
73:54 Scout Tower
73:56 Scout Tower
73:58 Scout Tower
74:07 Scout Tower
74:08 Scout Tower
74:10 Scout Tower
74:11 Scout Tower
74:15 Scout Tower
74:16 Scout Tower
74:35 Guard Tower
75:27 Guard Tower
75:30 Guard Tower
75:30 Guard Tower
75:57 Guard Tower
76:36 Guard Tower
76:37 Cannon Tower
77:50 Guard Tower
77:54 Guard Tower
78:05 Guard Tower
78:14 Guard Tower
78:29 Guard Tower
78:32 Scout Tower
78:38 Guard Tower
78:55 Cannon Tower
79:05 Guard Tower
79:22 Scout Tower
81:20 Guard Tower
91:18 Scout Tower
91:22 Scout Tower
108:04 Arcane Vault
113:42 Guard Tower
130:44 Scout Tower
131:13 Arcane Tower
131:22 Lumber Mill
131:36 Arcane Vault
131:51 Scout Tower
132:21 Arcane Tower
133:22 Guard Tower
133:22 Guard Tower
133:22 Guard Tower
133:25 Guard Tower
134:08 Guard Tower
134:39 Arcane Tower
135:50 Scout Tower
136:35 Arcane Tower
136:38 Scout Tower
136:40 Scout Tower
137:07 Guard Tower
137:26 Workshop
137:29 Workshop
137:33 Workshop
137:45 Guard Tower
145:09 Cannon Tower
» items
| Scroll of Regeneration | 9 | |
| Healing Salve | 4 | |
| Ivory Tower | 12 | |
| Potion of Healing | 8 | |
| Orb of Fire | 1 | |
| Scroll of Town Portal | 3 | |
| Lesser Clarity Potion | 1 | |
| Ankh of Reincarnation | 1 | |
39 total

»
jessead14 (
purple | 32 APM | 4661 actions | 145:43)
9 Shadow Hunter
3 Healing Wave
3 Hex
1 Big Bad Voodoo
2 Serpent Ward
8 Blademaster
3 Mirror Image
3 Wind Walk
1 Bladestorm
1 Critical Strike
» actions
| Assign group hotkey | 106 | |
| Basic commands | 21 | |
| Build / train | 403 | |
| Enter build submenu | 174 | |
| Enter hero's abilities submenu | 17 | |
| Remove unit from queue | 27 | |
| Right click | 1761 | |
| Select / deselect | 1430 | |
| Select group hotkey | 410 | |
| Use ability | 311 | |
4661 total
» units
| Peon | 215 | |
| Grunt | 6 | |
| Tauren | 30 | |
| Troll Batrider | 16 | |
| Wind Rider | 2 | |
| Demolisher | 20 | |
| Troll Headhunter/Berserker | 10 | |
| Goblin Zeppelin | 2 | |
301 total
» upgrades
| Melee Weapons | 3 | |
| Armor | 3 | |
| Pulverize | 1 | |
| Reinforced Defenses | 1 | |
| Spiked Barricades | 4 | |
| Ranged Weapons | 3 | |
| Liquid Fire | 1 | |
| Burning Oil | 1 | |
| Berserker Upgrade | 1 | |
| Troll Regeneration | 2 | |
| Berserker Strength | 1 | |
| Shaman Training | 2 | |
| Witch Doctor Training | 2 | |
| Spirit Walker Training | 3 | |
| Pillage | 1 | |
| Backpack | 1 | |
| Envenomed Spears | 1 | |
| Ensnare | 3 | |
| War Drums Damage Increase | 1 | |
35 total
» buildings
| Orc Burrow | 26 | |
| Altar of Storms | 7 | |
| War Mill | 16 | |
| Barracks | 15 | |
| Stronghold | 6 | |
| Watch Tower | 61 | |
| Fortress | 6 | |
| Great Hall | 21 | |
| Voodoo Lounge | 4 | |
| Tauren Totem | 3 | |
| Beastiary | 6 | |
| Spirit Lodge | 4 | |
175 total
» build order
00:18 Orc Burrow
00:28 Altar of Storms
01:04 Orc Burrow
01:36 War Mill
01:53 Barracks
02:19 Orc Burrow
03:59 Stronghold
04:34 Watch Tower
04:55 Watch Tower
05:25 Orc Burrow
05:39 Watch Tower
05:54 Watch Tower
06:57 Fortress
07:27 Great Hall
07:59 Voodoo Lounge
08:28 War Mill
09:51 Tauren Totem
09:53 Tauren Totem
10:14 Tauren Totem
10:31 Orc Burrow
11:43 Orc Burrow
15:03 Watch Tower
15:09 Watch Tower
15:23 Watch Tower
17:18 Great Hall
17:21 Watch Tower
17:25 Watch Tower
18:08 Orc Burrow
19:21 Great Hall
20:26 Watch Tower
20:35 Watch Tower
20:54 Watch Tower
21:02 Orc Burrow
21:06 Orc Burrow
21:19 Watch Tower
22:43 Watch Tower
23:57 Watch Tower
24:39 Watch Tower
24:43 Watch Tower
24:58 Watch Tower
25:50 Watch Tower
25:53 Watch Tower
26:37 Watch Tower
27:52 Beastiary
27:58 Beastiary
28:09 Beastiary
30:15 Great Hall
30:29 Watch Tower
30:36 Watch Tower
31:05 Orc Burrow
31:18 Watch Tower
31:30 Orc Burrow
32:20 War Mill
34:48 Great Hall
36:08 Great Hall
40:56 War Mill
41:46 Great Hall
42:27 Stronghold
43:06 Watch Tower
45:13 War Mill
46:17 Fortress
47:02 Great Hall
47:25 Watch Tower
48:30 Watch Tower
50:03 Watch Tower
50:42 Watch Tower
50:53 Watch Tower
50:59 Watch Tower
51:14 Watch Tower
55:05 War Mill
55:24 Great Hall
55:36 War Mill
56:04 War Mill
57:24 War Mill
59:33 Great Hall
60:03 Altar of Storms
60:14 Stronghold
61:41 Stronghold
63:07 Watch Tower
63:10 Watch Tower
63:19 Watch Tower
63:48 Watch Tower
63:57 Watch Tower
64:02 Watch Tower
64:07 Fortress
64:07 Fortress
64:31 Watch Tower
64:34 Watch Tower
65:38 Watch Tower
65:43 Watch Tower
67:15 Barracks
67:18 Barracks
68:35 War Mill
69:27 War Mill
70:37 Barracks
71:48 Barracks
73:06 Watch Tower
75:27 Barracks
75:42 Barracks
75:45 Barracks
76:01 Barracks
77:40 Great Hall
78:57 Barracks
79:02 Barracks
79:06 Barracks
81:36 Watch Tower
81:41 Watch Tower
81:56 Watch Tower
82:48 Watch Tower
82:53 Watch Tower
84:51 Great Hall
87:14 Great Hall
91:51 Great Hall
92:02 Watch Tower
96:18 Spirit Lodge
97:14 Great Hall
97:40 War Mill
101:42 Beastiary
102:13 Orc Burrow
102:18 Orc Burrow
104:02 Stronghold
104:57 Altar of Storms
104:59 Altar of Storms
105:16 Voodoo Lounge
105:51 Orc Burrow
106:20 Orc Burrow
106:23 Orc Burrow
106:59 Spirit Lodge
107:05 Beastiary
107:22 Fortress
109:31 Altar of Storms
109:35 Orc Burrow
111:29 Great Hall
111:41 Great Hall
112:07 Altar of Storms
113:26 Orc Burrow
114:23 War Mill
116:59 Watch Tower
117:14 Watch Tower
118:35 Watch Tower
121:36 Great Hall
121:52 Orc Burrow
125:12 Great Hall
125:50 Great Hall
127:36 War Mill
130:36 War Mill
130:51 Voodoo Lounge
131:30 Voodoo Lounge
132:07 Altar of Storms
132:53 Stronghold
133:18 Watch Tower
133:34 Orc Burrow
133:39 Orc Burrow
133:44 Orc Burrow
134:28 Watch Tower
134:33 Watch Tower
134:47 Watch Tower
134:52 Watch Tower
134:59 Orc Burrow
135:33 Fortress
136:27 Watch Tower
136:32 Watch Tower
136:36 Watch Tower
136:52 Watch Tower
138:08 Barracks
138:21 Barracks
138:24 Barracks
138:32 Orc Burrow
140:41 Great Hall
140:46 Orc Burrow
140:51 War Mill
142:12 Orc Burrow
142:29 Spirit Lodge
142:34 Spirit Lodge
142:49 Beastiary
» items
| Orb of Lightning | 2 | |
| Scroll of Town Portal | 10 | |
| Orb of Venom | 1 | |
13 total
Chat log
(00:14 / All) imolestchildren: suop
(00:16 / Allies) Lightnin_Strong: rifle prst
(00:22 / All) SKRYIM.OBLIVION: u gonna get dragon age 2?
(00:27 / All) imolestchildren: not sure
(00:37 / All) SKRYIM.OBLIVION: im waiting til it drops to 20 bucks or so
(00:44 / All) imolestchildren: it looks too much like an action rpg compared to origins
(01:13 / All) imolestchildren: origins is classic like baldurs gate
(01:29 / All) SKRYIM.OBLIVION: i dont know, i liked it, but it was lacking hardcore rpg qualities
(01:32 / All) SKRYIM.OBLIVION: like loot and exploring
(01:33 / All) imolestchildren: da2 won't be like that, so it'll be just another action rpg with writing
(01:43 / All) imolestchildren: da2 also has the dialogue wheel, which is gay
(03:03 / All) NoGoodReturns: wut about dark souls any1 gettin that?
(03:33 / All) NoGoodReturns: wrong crowd eh? pc folks
(03:46 / All) SKRYIM.OBLIVION: huh
(03:57 / All) imolestchildren: what the hell do I do against bm harass
(04:06 / All) imolestchildren: I dont remember this
(04:12 / All) SKRYIM.OBLIVION: get arcane tower sooner
(04:17 / All) imolestchildren: I did
(04:20 / All) imolestchildren: he went after my lumbermen
(04:24 / All) SKRYIM.OBLIVION: put it near ur workers
(04:31 / All) SKRYIM.OBLIVION: and ge tmk for stun
(04:36 / All) Lightnin_Strong: PPPPPEEEEEEEEEEENNNNNNNNNNNNIIIIIIIIIIISSSSSSSSSSSSS
(04:42 / All) imolestchildren: ok, thanks
(04:49 / All) imolestchildren: I'm used to sc2 where harass begins later
(04:53 / Allies) kuno.sack: come green
(04:57 / All) Lightnin_Strong: your welcomw
(05:00 / All) SKRYIM.OBLIVION: harass in sc2 can happen in first 2 minutes
(05:09 / Allies) SKRYIM.OBLIVION: lawl ur shredder
(05:10 / All) imolestchildren: only by 6 pools
(05:11 / Allies) SKRYIM.OBLIVION: u got raped
(05:38 / All) SKRYIM.OBLIVION: i got 6pooled today by 2 zergs
(06:00 / All) SKRYIM.OBLIVION: my won actually though but i was deads completely
(06:02 / All) imolestchildren: I generally make a spine crawler or two if I scout a 6 pool
(06:05 / All) SKRYIM.OBLIVION: i was posting on gfaqs and got a free win
(06:12 / All) imolestchildren: haha
(06:45 / All) SKRYIM.OBLIVION: go t3 and build gryphon avaries
(07:05 / All) imolestchildren: now they'll know to counter it. I'll go for mass footmen instead
(07:21 / Allies) UndergroundMan: pink
(07:27 / Allies) SKRYIM.OBLIVION: what
(07:36 / Allies) SKRYIM.OBLIVION: he is harmless man he doesnt know how to play
(09:00 / Allies) Lightnin_Strong: mother fucker pink lol
(09:05 / Allies) SKRYIM.OBLIVION: lawl
(09:05 / All) imolestchildren: any niggers here? my king of the mountain kelv sternhammer rapes niggers with his stern hammer
(09:14 / All) SKRYIM.OBLIVION: green is one
(09:27 / All) Lightnin_Strong: i am a negro
(09:40 / All) Lightnin_Strong: colored boy here
(09:43 / All) imolestchildren: shut up teal, niggers are niggers
(10:07 / All) imolestchildren: you shoukld supprot groups like the kkk for keeping niggers in check while donating money to them
(10:16 / All) Lightnin_Strong: i got some black people in my family tree... bout three hanging from one branch alone lol
(10:27 / Allies) UndergroundMan: magi
(10:29 / Allies) SKRYIM.OBLIVION: clear othe rmine
(10:31 / Allies) SKRYIM.OBLIVION: plz
(10:32 / Allies) SKRYIM.OBLIVION: orange
(11:01 / All) imolestchildren: wtf teal backstabber reported
(11:13 / All) NoGoodReturns: say sorry bitch
(11:20 / All) imolestchildren: bitch
(11:48 / All) NoGoodReturns: fuck a cracker redneck ass motherfucker. im tired of u white devils
(11:59 / All) imolestchildren: nigger
(12:09 / All) NoGoodReturns: always worried bout blacks jus cuz yall bored
(15:51 / Allies) SKRYIM.OBLIVION: gold?
(17:55 / All) NoGoodReturns: hav fun in hell ylw
(18:00 / All) imolestchildren: u2
(18:03 / All) NoGoodReturns: nah
(18:11 / All) imolestchildren: all niggers go to hell
(18:18 / All) NoGoodReturns: nah
(18:33 / All) NoGoodReturns: we dont hate ppl over things they hav no control over
(18:46 / All) imolestchildren: are you implying that you are God and determine the fate of niggers?
(18:47 / All) NoGoodReturns: shame whites dont realize how dumb that is
(19:09 / All) NoGoodReturns: ur dumb
(19:24 / All) NoGoodReturns: u dislike a race
(19:43 / All) NoGoodReturns: which means u hate sum1 over something they can not control
(19:43 / All) imolestchildren: niggers aren't a race, they're a plague
(19:50 / All) NoGoodReturns: which makes no sense at all
(20:00 / All) Lightnin_Strong: hit?
(20:03 / All) imolestchildren: are you implying that they're human?
(20:06 / Allies) SKRYIM.OBLIVION: dont hit
(20:08 / Allies) SKRYIM.OBLIVION: just play around
(20:12 / All) Lightnin_Strong: weer comin for u nigger lovers
(20:31 / All) Lightnin_Strong: NEGRO LOVIN MOTHER FUCKERS
(20:45 / All) imolestchildren: are you fucking kidding me
(20:49 / All) NoGoodReturns: guess this is how it is when u naturally hav a small dick
(20:52 / All) imolestchildren: I am the only klansman in this fucking game youi g
(20:55 / All) NoGoodReturns: mad at the world
(21:10 / All) imolestchildren: the g is for gaggot btw
(21:25 / All) imolestchildren: the btw is for bitch the witch
(21:27 / All) Lightnin_Strong: SMALL DICK? Y U CONCERNED ABOUT MY DICK SIZE FAGGOT
(21:44 / All) imolestchildren: WHAT THE FUCK
(21:45 / All) NoGoodReturns: same reason u concerned bout my race
(21:47 / All) imolestchildren: GOLD MINE HAS 38K GOLD
(21:48 / All) NoGoodReturns: biggot
(21:52 / All) imolestchildren: biggot
(21:54 / All) imolestchildren: bigot
(21:57 / All) imolestchildren: niggers cant spell ho
(22:04 / All) Lightnin_Strong: OBVIOUSLY AND UNEDUCATED NIGGER
(22:06 / All) NoGoodReturns: u get it either way
(22:19 / All) imolestchildren: ya i get it, u a dumb aienagraifndaio ignaoranfhadna nigger
(22:25 / All) NoGoodReturns: not everyday i spell bigot
(22:44 / All) imolestchildren: give me gold nigger, I need gold
(22:46 / All) NoGoodReturns: ur a small dick white boy who cant dance
(22:53 / All) NoGoodReturns: no type of swag
(22:58 / All) imolestchildren: liar I won my grade 3 dance contest
(23:02 / All) imolestchildren: thanks purple
(23:28 / All) NoGoodReturns: and would be picked dead last in a line up of fuck buddies for ANY female
(23:44 / Allies) Lightnin_Strong: meet
(23:48 / All) imolestchildren: liar my mom says ikm cool
(23:50 / Allies) SKRYIM.OBLIVION: meet at blues base
(24:01 / All) NoGoodReturns: ur mom luvs black dick
(24:07 / All) NoGoodReturns: cant blame her tho
(24:16 / All) NoGoodReturns: we simply hav the best
(24:19 / All) imolestchildren: no, she married a mexican vaquero
(24:40 / All) NoGoodReturns: who cares who she married
(24:55 / All) NoGoodReturns: she can never forget that black dick tho.
(25:02 / All) imolestchildren: my mom couldn't love black dick if she never had one
(25:21 / All) NoGoodReturns: everytime she has sex with ur jr. dick father she thinkin bout it
(25:24 / All) NoGoodReturns: dam lie
(25:26 / Allies) SKRYIM.OBLIVION: tp
(25:32 / All) imolestchildren: junior dick father what the fuck
(25:41 / All) imolestchildren: my father is not qa ffuckaingaud dick
(25:51 / All) imolestchildren: what he fuck green u have fukking guns wtf omg
(25:53 / All) NoGoodReturns: ur father has a small dick
(25:54 / All) imolestchildren: i only have sowrds
(26:53 / All) imolestchildren: WTF TEAL BACKSDTABBRER
(27:03 / All) imolestchildren: NOT MY CASTLE OMG WTF WTF WTFFFFFFFFFFFF
(27:10 / All) imolestchildren: HOW DO I UNALLY U OMG OMG POMG
(27:28 / All) imolestchildren: NICE MACRO NIGGER
(27:33 / All) imolestchildren: I RAPED YOUR GOOLS
(27:49 / All) imolestchildren: WTF MY FORCES ARE UNDER ATTACK
(28:27 / All) imolestchildren: wtf u dumb nigger why kill the akltar if I only have a lcvl 1 mountain king
(28:43 / All) imolestchildren: king isd almost liek kong for KING KONG. a dumb ape nigger like U
(28:58 / All) NoGoodReturns: cry more BITCH!!!!!!!!!!!!!!!!!!!!!!!
(29:04 / All) imolestchildren: wwwwwwaaaaaaaahhhhhhhhhhh
(29:40 / Allies) Lightnin_Strong: wow help me team
(30:22 / Allies) Lightnin_Strong: kill something guys i was fucking yellow up
(30:24 / Allies) SKRYIM.OBLIVION: r/r get back
(31:03 / Allies) kuno.sack: kill expands
(31:59 / Allies) Lightnin_Strong: i got u blue
(32:19 / Allies) Lightnin_Strong: kill purp
(32:21 / Allies) Lightnin_Strong: now
(33:08 / Allies) Lightnin_Strong: way to go pink
(38:21 / Allies) SKRYIM.OBLIVION: taking greens mine since he is afk
(38:30 / All) NoGoodReturns: how didnt yall win this already?
(38:38 / All) imolestchildren: because you're a nigger
(38:39 / All) SKRYIM.OBLIVION: green went afk
(38:41 / Allies) Lightnin_Strong: u killed me pink u fucking jackass
(38:42 / All) NoGoodReturns: i was tryin to giv yall the win
(38:45 / Allies) SKRYIM.OBLIVION: u went afk dude
(38:46 / Allies) SKRYIM.OBLIVION: thats why
(38:49 / All) imolestchildren: dumb nigger
(38:54 / All) imolestchildren: pink is on our side
(39:00 / All) imolestchildren: their side
(39:02 / Allies) Lightnin_Strong: no i didnt u retard i was rebuilding
(39:03 / All) imolestchildren: which is to kill our side
(39:05 / All) imolestchildren: and make you lose
(39:09 / Allies) SKRYIM.OBLIVION: hit red
(39:10 / Allies) SKRYIM.OBLIVION: guys
(39:12 / Allies) SKRYIM.OBLIVION: he is stronger
(39:17 / All) imolestchildren: or something like that id ont know
(43:05 / Allies) SKRYIM.OBLIVION: stay blue
(43:06 / Allies) SKRYIM.OBLIVION: red is there
(43:20 / All) imolestchildren: the new patch will be gay with the tower nerf
(43:29 / All) SKRYIM.OBLIVION: it'll be interesting though
(43:40 / All) imolestchildren: siege tanks will rape towers even harder
(45:37 / Allies) SKRYIM.OBLIVION: go blue
(45:40 / Allies) SKRYIM.OBLIVION: ill bolt his heor
(45:41 / Allies) SKRYIM.OBLIVION: k?
(46:22 / All) SKRYIM.OBLIVION: now now red
(46:27 / All) SKRYIM.OBLIVION: lets not be uncivilized
(46:30 / All) do_me: so sorry
(46:53 / All) do_me: LOL
(47:07 / All) do_me: fine
(48:15 / Allies) SKRYIM.OBLIVION: blue
(48:16 / Allies) SKRYIM.OBLIVION: get more towers
(48:19 / Allies) SKRYIM.OBLIVION: at fountains
(49:33 / Allies) SKRYIM.OBLIVION: need help oj?
(50:21 / Allies) SKRYIM.OBLIVION: plz no tauren
(50:25 / Allies) SKRYIM.OBLIVION: blue
(50:26 / Allies) SKRYIM.OBLIVION: lawl
(51:31 / All) SKRYIM.OBLIVION: this game is hilarious
(51:36 / All) SKRYIM.OBLIVION: oj and red are pounding on each other entire game
(51:41 / All) do_me: u think?
(51:42 / All) SKRYIM.OBLIVION: everybody else is doing shit
(51:48 / All) SKRYIM.OBLIVION: purple adn blue are suiciding each other
(52:51 / All) SKRYIM.OBLIVION: any of u know kodos_forsaken or mugaro
(52:56 / All) imolestchildren: I DO
(53:02 / All) SKRYIM.OBLIVION: not u lawl
(53:48 / All) SKRYIM.OBLIVION: red
(53:59 / All) SKRYIM.OBLIVION: plz tell yellow to keep his hero near ur units so he gets exp
(54:10 / All) imolestchildren: my hero is dead
(54:16 / All) SKRYIM.OBLIVION: u can revive it
(54:17 / All) imolestchildren: haven't cared to resurrect him
(54:18 / All) SKRYIM.OBLIVION: u know
(54:24 / All) imolestchildren: teal killedm y altar
(54:29 / All) SKRYIM.OBLIVION: having a level 10 mk is like oblivion's leveling or another rpg
(54:34 / All) SKRYIM.OBLIVION: one hero can dominate games
(54:45 / All) imolestchildren: one hero can't take an army, can it?
(54:51 / All) SKRYIM.OBLIVION: u would rape orange and blue
(54:53 / All) SKRYIM.OBLIVION: yes it would
(54:57 / All) SKRYIM.OBLIVION: level 10 mk and bm would
(55:12 / All) SKRYIM.OBLIVION: u really need to learn to level ur heros or leech exp
(55:32 / All) SKRYIM.OBLIVION: good job on towers
(55:35 / All) SKRYIM.OBLIVION: and griffs
(55:36 / All) SKRYIM.OBLIVION: get mk now
(55:38 / All) SKRYIM.OBLIVION: and stay near red
(56:02 / All) SKRYIM.OBLIVION: look at what purple did, he is awful and already has high levle heros, u could do that too
(56:14 / All) SKRYIM.OBLIVION: u dont have to be good to have high level heors in 4v4
(56:27 / All) imolestchildren: I'll try it next time if I remember
(56:49 / All) SKRYIM.OBLIVION: morwe towers blue
(57:18 / All) SKRYIM.OBLIVION: this game
(57:21 / All) SKRYIM.OBLIVION: for oru first game in a while
(57:25 / All) SKRYIM.OBLIVION: is actually pretty good
(57:30 / All) imolestchildren: sexcellent
(57:33 / All) imolestchildren: thanks for the gold purple
(58:12 / All) SKRYIM.OBLIVION: reds dh is raping
(58:22 / All) imolestchildren: but he's blind
(59:30 / All) SKRYIM.OBLIVION: get ur mk
(59:33 / All) SKRYIM.OBLIVION: and tp to red
(59:37 / All) SKRYIM.OBLIVION: or bring ur briffs
(62:11 / All) kuno.sack: ^^
(63:42 / All) SKRYIM.OBLIVION: is ur hero alive
(63:47 / All) imolestchildren: yes
(63:53 / All) SKRYIM.OBLIVION: keep him near reds dh
(63:55 / All) SKRYIM.OBLIVION: at all times
(64:04 / All) SKRYIM.OBLIVION: orange will attack u just stay in back lines
(64:07 / All) imolestchildren: using him to heal the gyrphs in a sec
(64:26 / All) SKRYIM.OBLIVION: damn orange has
(64:28 / All) SKRYIM.OBLIVION: 30k
(66:27 / All) SKRYIM.OBLIVION: purple
(66:31 / All) SKRYIM.OBLIVION: dont kill those towers up there
(66:35 / All) SKRYIM.OBLIVION: they are for revealing
(70:11 / All) SKRYIM.OBLIVION: ur team other then red is horrible
(70:18 / All) SKRYIM.OBLIVION: no idea what teal and purp were doing
(70:29 / All) imolestchildren: teal was busy trying to kill me with ghouls
(70:39 / All) imolestchildren: he let my peasants repair the castle and didn't care
(71:12 / All) SKRYIM.OBLIVION: u guys could win this if purple expanded his towers to ojs base
(71:14 / All) SKRYIM.OBLIVION: u know
(72:59 / All) SKRYIM.OBLIVION: u really need to help him red purple is no match for oj i shouldn't have suggested it
(82:23 / All) SKRYIM.OBLIVION: guys an idiot wow
(94:47 / Allies) kuno.sack: stop it$
(102:55 / Allies) kuno.sack: u want it to end?
(103:00 / Allies) kuno.sack: or why u doin this?
(103:10 / Allies) SKRYIM.OBLIVION: for fun
(103:31 / Allies) kuno.sack: ur a sick asshole so=?
(109:06 / Allies) kuno.sack: blue
(109:09 / Allies) kuno.sack: y
(118:00 / All) imolestchildren: teal's negro asshole is technically still in this game shitting all over its remains
(118:52 / All) SKRYIM.OBLIVION: u can leave now blue
(119:02 / All) imolestchildren: blue is a fat nigger lover
(119:52 / All) SKRYIM.OBLIVION: u got expo now?
(119:59 / All) imolestchildren: no money to get one
(120:10 / All) imolestchildren: purp won't give any. I need 385 gold and 200 lumber
(120:22 / All) imolestchildren: blue would probably lock it down anyway
(120:30 / All) SKRYIM.OBLIVION: u can mine gold if u find a clear mine
(120:53 / All) imolestchildren: but it would take forever for the peasants to get back to my castle
(121:05 / All) SKRYIM.OBLIVION: u did pretty good
(121:15 / All) SKRYIM.OBLIVION: orange is an idiot
(121:15 / All) imolestchildren: only need 103 lumber for an expo
(121:17 / All) SKRYIM.OBLIVION: he has 30k gold
(121:18 / All) SKRYIM.OBLIVION: uh
(121:22 / All) imolestchildren: wtf
(121:29 / All) SKRYIM.OBLIVION: i have 35k now
(122:09 / All) SKRYIM.OBLIVION: u got ur hero back?
(122:14 / All) imolestchildren: no
(122:18 / All) SKRYIM.OBLIVION: get hero before expo
(122:23 / All) SKRYIM.OBLIVION: i can give u orc hall
(122:43 / All) imolestchildren: i need 202 gold for my hero from a tavern
(123:10 / All) imolestchildren: purple saved the day. I have my hero
(123:49 / All) imolestchildren: blue should leave or this will end up a mexican standoff
(125:03 / All) SKRYIM.OBLIVION: u got enough gold now?
(125:12 / All) imolestchildren: only had enough for my hero
(125:13 / All) SKRYIM.OBLIVION: u have peasants?
(125:15 / All) SKRYIM.OBLIVION: good
(125:18 / All) SKRYIM.OBLIVION: i can give u orc hall now
(125:22 / All) SKRYIM.OBLIVION: automatically hall
(125:22 / All) imolestchildren: 6 peasants
(125:28 / All) imolestchildren: excellent
(125:59 / All) SKRYIM.OBLIVION: go to middle im there killing blue
(126:30 / All) imolestchildren: towers in the way
(126:31 / All) SKRYIM.OBLIVION: on ground by hall
(126:33 / All) SKRYIM.OBLIVION: go upa bit
(126:50 / All) SKRYIM.OBLIVION: up a bit more
(127:01 / All) SKRYIM.OBLIVION: expo anywhere
(127:16 / All) imolestchildren: does blue still have the top left?
(127:38 / All) imolestchildren: purp is taking two of the available expos
(127:44 / All) SKRYIM.OBLIVION: hes an idiot
(127:44 / All) imolestchildren: none left for me
(127:48 / All) SKRYIM.OBLIVION: expo at old base or something
(128:01 / All) imolestchildren: he
(128:19 / All) imolestchildren: He's giving me resources though, so still very useful
(129:04 / All) SKRYIM.OBLIVION: feel free to kill my shit
(130:12 / All) SKRYIM.OBLIVION: blue is fighting to the death
(130:28 / All) imolestchildren: the only thing left in this game is his end
(130:30 / All) UndergroundMan: duznt matter i have all night
(131:35 / All) SKRYIM.OBLIVION: cant tell if blue or purp is worse
(131:46 / All) imolestchildren: blue is
(133:24 / All) SKRYIM.OBLIVION: im gonna finish my base now
(133:54 / All) SKRYIM.OBLIVION: blue ur base
(133:57 / All) SKRYIM.OBLIVION: last thing he has
(134:32 / All) SKRYIM.OBLIVION: sedn ur stuff to me
(134:34 / All) SKRYIM.OBLIVION: up north
(134:37 / All) SKRYIM.OBLIVION: blue has one more bat on edge of map
(134:55 / All) SKRYIM.OBLIVION: up there
(135:06 / All) SKRYIM.OBLIVION: leave them there
(135:08 / All) imolestchildren: where?
(135:27 / All) SKRYIM.OBLIVION: up north
(135:33 / All) imolestchildren: attack what?
(135:49 / All) SKRYIM.OBLIVION: he has a bat on edge of map u cant see it
(135:54 / All) SKRYIM.OBLIVION: put ur griffs to edge of map where i am
(135:57 / All) SKRYIM.OBLIVION: and dont touch anything
(136:12 / All) SKRYIM.OBLIVION: right more
(136:14 / All) SKRYIM.OBLIVION: u misse dit
(136:18 / All) SKRYIM.OBLIVION: there
(136:26 / All) SKRYIM.OBLIVION: k
(136:36 / All) SKRYIM.OBLIVION: help me finish my base now lawl
(137:01 / All) imolestchildren: towers will kill me automatically
(137:10 / All) SKRYIM.OBLIVION: u can get mortars
(137:43 / All) imolestchildren: working on the workshops
(138:32 / All) imolestchildren: mortars being built
(138:50 / All) SKRYIM.OBLIVION: u did extremely good when was last time u played this
(139:03 / All) imolestchildren: I don't know, january 2010?
(139:20 / All) imolestchildren: sc2 probably helped improve my overall rts skill
(139:21 / All) SKRYIM.OBLIVION: dang
(139:44 / All) SKRYIM.OBLIVION: dont worry about mortars
(139:48 / All) SKRYIM.OBLIVION: my towers are on auto attack
(140:07 / All) SKRYIM.OBLIVION: purple really is stupid
(140:27 / All) SKRYIM.OBLIVION: pple like blue will stay til end
(140:36 / All) SKRYIM.OBLIVION: he is level 26, it means everything to him to win
(141:09 / All) imolestchildren: can you throw some gryphons on me? I don't remember getting a lvl 10 hero in forever
(141:49 / All) imolestchildren: level 9, just a few more
(142:34 / All) imolestchildren: level 3 thunderclap at last, the most useless ability ever
(143:13 / All) SKRYIM.OBLIVION: does purple even know english
(143:19 / All) imolestchildren: ni hao ma?
(143:37 / All) SKRYIM.OBLIVION: he kept losing his units all game
(143:46 / All) imolestchildren: he says he speaks sign in allies
(144:19 / All) SKRYIM.OBLIVION: msn after this
(144:24 / All) SKRYIM.OBLIVION: almost time for bed
(144:25 / All) imolestchildren: ok
(144:52 / All) SKRYIM.OBLIVION: last 2 buildings south
(145:14 / All) SKRYIM.OBLIVION: i dont think purple knows u and me are friends
(145:17 / All) SKRYIM.OBLIVION: he hasnt realized it
(145:32 / All) imolestchildren: firends wtf i thot we just met in channel clan noxe